Unix NetHack Version 5.0.0-0 post-release - last build May  4 2026 22:22:43 (774f63e81ad911689b3a0859ea89b322d5daca8d,branch:main).

Game began 2026-05-08 18:48:55, ended 2026-05-08 19:21:39.

Eymerich, chaotic male elven Priest

                             --------
       ---------------       |[.....|              -----------
       |.............       #........##############|.........|
       |.............|      #-.---|--            ##..........|######
       |.............|      # ##*##              ##|<..).....|#   -.-----
       |.............|      #   # ##             ##-------.---#   |'@...|
       |..........%..|      # #   ###       0##*##################......|
       ------------%.-      ##     *         ####       ###    #  |...{.|
                  ##        #      ####      #            #    #  |.....|
                ###       ###        *#    ###            #    #  |.....|
            #####      #  *           #    #              #   ##  -------
        ----|-----------###           ##   #              #   #
        |..............|  #           ###* #              ### #
        |........)...*.| ##    ---------|-##       ---------|-#
        |.....)........|##     |.........|#        |........(|#
        |.......*.).**.-#      |.........|#        |.>.......|#
        ----------------       |..........#        |..........#
                               |)........|         -----------
                               -----------

Eymerich the Adept           St:11 Dx:8 Co:13 In:12 Wi:20 Ch:13  Chaotic
Dlvl:5  $:202 HP:0(37) Pw:69(69) AC:6  Xp:6 T:3562 

Latest messages:
 You rebalance your load.  Movement is difficult.
 Where do you want to travel to?
 (For instructions type a '?')
 What do you want to drop? [$a-hj-mp-sw-zDF-KTUW-Y or ?*]
 You drop a locked large box.
 Your movements are now unencumbered.
 The rothe misses!
 The rothe misses!
 The rothe bites!
 You miss the rothe.
 The rothe hits!
 The rothe bites!
 The rothe bites again!
 You miss the rothe.
 The rothe hits!
 The rothe bites!
 The rothe bites again!
 What do you want to zap? [lzI or ?*]
 In what direction?
 The sleep ray hits the rothe.
 The sleep ray hits the floating eye.
 You hit the rothe!
 You hit the rothe.
 The rothe hits!
 The rothe bites!
 The rothe misses!
 You kill the rothe!
 You see here a rothe corpse.
 There is a rothe corpse here; eat it? [ynq] (n)
 Blecch!  Rotten food!
 Everything suddenly goes dark.
 You finish eating the rothe corpse.
 You try to feel what is lying here on the floor.
 You feel here a locked large box.
 You can see again.
 You see here a locked large box.
 You see here a plate mail.
 You miss the straw golem.
 The straw golem hits!
 The straw golem hits again!
 You hit the straw golem!
 The straw golem hits!
 The straw golem hits again!
 You hit the straw golem.
 The straw golem hits!
 The straw golem hits again!
 You hit the straw golem!
 The straw golem hits!
 You die...
 Do you want your possessions identified? [ynq] (y)

Inventory:
 Coins    ('$')
  $ - 202 gold pieces
 Weapons  (')')
  T - 21 blessed +1 arrows
  X - a +2 arrow
  W - 30 +1 arrows
  J - 150 +0 arrows
  G - 8 +0 darts
  a - a blessed +1 mace (weapon in right hand)
 Armor    ('[')
  U - a blessed +0 orcish helm (being worn)
  c - a +0 small shield (being worn)
  b - a +0 robe (being worn)
 Comestibles  ('%')
  e - a clove of garlic
  p - 2 lembas wafers
  f - a sprig of wolfsbane
  j - a tripe ration
  k - a lichen corpse
 Scrolls  ('?')
  m - a scroll of amnesia
  K - 2 scrolls of blank paper
  s - a scroll of confuse monster
  q - a scroll of create monster
  H - a cursed scroll of earth
  w - a scroll of genocide
  x - a scroll of gold detection
  D - a scroll of identify
  r - a scroll of scare monster
 Spellbooks  ('+')
  h - a spellbook of light
  g - a spellbook of protection
 Potions  ('!')
  F - a blessed potion of oil
  d - 4 potions of holy water
 Wands    ('/')
  I - a wand of make invisible (0:8)
  z - a wand of make invisible (0:6)
  l - a wand of sleep (0:3)
 Gems/Stones  ('*')
  y - a worthless piece of black glass

Eymerich the Priest's attributes:

Background:
 You were an Adept, a level 6 elven Priest.
 You were chaotic, on a mission for Mars
 who was opposed by Mercury (lawful) and Venus (neutral).
 You were right-handed.
 You were in the Dungeons of Doom, on level 5.
 You entered the dungeon 3562 turns ago.
 You had 377 experience points, 263 more were needed to attain level 7.

Basics:
 You had 0 out of 37 hit points.
 You had all 69 energy points (spell power).
 Your armor class was 6.
 Your wallet contained 202 zorkmids.
 Autopickup was off.

Final Characteristics:
 Your strength was 11 (limit:18).
 Your dexterity was 8 (limit:18).
 Your constitution was 13 (limit:16).
 Your intelligence was 12 (limit:20).
 Your wisdom was 20 (limit:20).
 Your charisma was 13 (limit:18).

Final Status:
 You weren't hungry.
 You were unencumbered.
 You were wielding a mace.
 You had basic skill with mace and could have enhanced that.

Final Attributes:
 You were piously aligned.
 You were sleep resistant.
 You had infravision.
 You were guarded.
 Your spell casting was enhanced by wearing a robe.
 You are dead.

Miscellaneous:
 You didn't encounter any bones levels.
 Total elapsed playing time was 32 minutes and 42 seconds.

Major events:
 Turn
    1: Eymerich the chaotic elven Priest entered the dungeon
 1212: attained the rank of Acolyte (level 3)
 1637: entered the Gnomish Mines
 3239: attained the rank of Adept (level 6)
 3562: killed by a straw golem

Spells:
 Name                 Level Category     Fail Retention
 protection             1   clerical       0%   81%-90%
 light                  1   clerical       0%   81%-90%

Skills:
 Fighting Skills
   bare handed combat [Unskilled]
 Weapon Skills
   club               [Unskilled]
   mace               [Basic]
   morning star       [Unskilled]
   flail              [Unskilled]
   hammer             [Unskilled]
   quarterstaff       [Unskilled]
   polearms           [Unskilled]
   spear              [Unskilled]
   trident            [Unskilled]
   lance              [Unskilled]
   bow                [Unskilled]
   sling              [Unskilled]
   crossbow           [Unskilled]
   dart               [Unskilled]
   shuriken           [Unskilled]
   boomerang          [Unskilled]
   unicorn horn       [Unskilled]
 Spellcasting Skills
   healing spells     [Unskilled]
   divination spells  [Unskilled]
   clerical spells    [Basic]

Voluntary challenges:
 Character rerolling was not enabled.
 You were illiterate.
 You never genocided any monsters.
 You never polymorphed an object.
 You never changed form.
 You used no wishes.
Achievements:
 You attained the rank of Acolyte.
 You entered the Gnomish Mines.
 You attained the rank of Adept.

 The Dungeons of Doom: levels 1 to 5
    Level 1: "vault"
       Some fountains.
    Level 2:
    Level 3: "vault"
       A fountain.
       Stairs down to The Gnomish Mines.
    Level 4:
    Level 5: <- You were here.
       A sink.
       Final resting place for
          you, killed by a straw golem.
 The Gnomish Mines:
    Level 4:


Vanquished creatures:
  a leprechaun
  a rock piercer
  a rock mole
  2 shriekers
  2 violet fungi
  a gray ooze
  a ghoul
  a straw golem
  a paper golem
  4 giant ants
  a little dog
  2 floating eyes
  8 hill orcs
  3 rothes
  5 orc zombies
  2 coyotes
  a hobgoblin
  4 giant rats
  a cave spider
  2 yellow molds
  a gecko
  6 jackals
  a fox
  3 kobolds
  3 goblins
  6 grid bugs
  2 lichens
  6 newts
72 creatures vanquished.

No species were genocided or became extinct.

Game over:
                       ----------
                      /          \
                     /    REST    \
                    /      IN      \
                   /     PEACE      \
                  /                  \
                  |     Eymerich     |
                  |      202 Au      |
                  |   killed by a    |
                  |   straw golem    |
                  |                  |
                  |                  |
                  |       2026       |
                 *|     *  *  *      | *
        _________)/\\_//(\/(/\)/\//\/|_)_______

Goodbye Eymerich the Priest...

You died in The Dungeons of Doom on dungeon level 5 with 1900 points,
and 202 pieces of gold, after 3562 moves.
You were level 6 with a maximum of 37 hit points when you died.

